 Dungeon Crawl Stone Soup version 0.31.0-9-g3a7656b989 (webtiles) character file.

Game seed: 6113966886221349238

1542 Fv001 the Cudgeller (level 8, -4/62 HPs)
             Began as a Demonspawn Fighter on Jan 27, 2024.
             Slain by Prince Ribbit (14 damage)
             ... on level 6 of the Dungeon.
             The game lasted 00:11:38 (5102 turns).

Fv001 the Cudgeller (Demonspawn Fighter)            Turns: 5102, Time: 00:11:39

Health: -4/62      AC: 15    Str: 19    XL:     8   Next: 56%
Magic:  17/17      EV:  6    Int:  4    God:
Gold:   148        SH:  6    Dex: 24    Spells: 7/7 levels left

rFire   + + .        a - +0 flail
rCold   + . .        c - +0 buckler
rNeg    . . .        p - +0 plate armour
rPois   .            d - +2 helmet
rElec   .            (no cloak)
rCorr   .            (no gloves)
SInv    .            k - -1 pair of boots "Saocotycs" {Dex+5}
Will    .....        j - amulet "Kugrebur" {RegenMP Harm rF++ rC+ MP+9 Int-4} Stlth
                     e - +6 ring of dexterity
HPRegen 0.30/turn    (no ring)
MPRegen 0.55/turn

%: harm (+30% outgoing, +20% incoming)
@: no status effects
A: hooves 1, demonic magic 1, weakness stinger 1, demonic touch 1
a: no special abilities


You were on level 6 of the Dungeon.
You visited 1 branch of the dungeon, and saw 6 of its levels.

You collected 268 gold pieces.
You spent 120 gold pieces at shops.

Inventory:

Hand Weapons
 a - a +0 flail (weapon)
Armour
 c - a +0 buckler (worn)
 d - a +2 helmet (worn)
 k - the -1 pair of boots "Saocotycs" (worn) {Dex+5}
   (You found it on level 2 of the Dungeon)

   Dex+5:     It affects your dexterity (+5).
 o - a +1 scale mail of poison resistance
 p - a +0 plate armour (worn)
Jewellery
 e - a +6 ring of dexterity (left hand)
 j - the amulet "Kugrebur" (around neck) {RegenMP Harm rF++ rC+ MP+9 Int-4}
   (You took it off a kobold on level 2 of the Dungeon)

   [amulet of magic regeneration]

   RegenMP:   It increases your rate of magic regeneration.
   Int-4:     It affects your intelligence (-4).
   rF++:      It greatly protects you from fire.
   rC+:       It protects you from cold.
   MP+9:      It affects your magic capacity (+9).
   Harm:      It increases damage dealt and taken.
Scrolls
 g - a scroll of revelation {unknown}
 h - a scroll of vulnerability {unknown}
 i - a scroll of immolation {unknown}
 q - a scroll of poison {unknown}
 s - 2 scrolls of teleportation
 t - a scroll of enchant weapon {unknown}
 v - a scroll of blinking {unknown}
Potions
 b - 3 potions of curing
 f - 3 potions of attraction
 l - 2 potions of lignification
 m - a potion of haste
 n - a potion of brilliance
 r - a potion of mutation {unknown}
 u - 2 potions of heal wounds


   Skills:
 + Level 5.3 Fighting
 + Level 6.9 Maces & Flails
 + Level 5.3 Armour
 + Level 0.5 Dodging
 + Level 4.4 Shields


You had 7 spell levels left.
You didn't know any spells.
Your spell library contained the following spells:

 Spells                   Type           Power      Damage    Failure   Level
 Dazzling Flash           Conj/Hex       0%         N/A       100%        3
 Frozen Ramparts          Ice            0%         1d1       100%        3
 Mephitic Cloud           Conj/Alch/Air  0%         N/A       100%        3
 Leda's Liquefaction      Alch/Erth      0%         N/A       100%        4
 Petrify                  Alch/Erth      0%         N/A       100%        4
 Curse of Agony           Necr           0%         N/A       100%        5
 Metabolic Englaciation   Hex/Ice        0%         N/A       100%        5
 Silence                  Hex/Air        0%         N/A       100%        5


Dungeon Overview and Level Annotations

Branches:
Dungeon (6/15)
 Temple: D:4-7

Altars:
Kikubaaqudgha
Okawaru
Ru
Sif Muna

Shops:
D:5 !

Annotations:
D:6 Prince Ribbit


Innate Abilities, Weirdness & Mutations

You have large cloven feet.
Spells you cast may paralyse adjacent enemies.
You have a small tail.
Your touch may inflict minor irresistible damage on your foes.


Message History

The bullfrog hits you.
You sock the bullfrog!
The bullfrog is moderately wounded.
The bullfrog barely misses you.
The bullfrog hits you but does no damage.
You hit the bullfrog but do no damage.
The bullfrog is moderately wounded.
The bullfrog hits you but does no damage.
You thump the bullfrog!
Your tail-slap misses the bullfrog.
The bullfrog is almost dead.
The bullfrog hits you. You block the bullfrog's attack.
You sock the bullfrog!
You kill the bullfrog!
HP restored.
You open the door.
There is an open door here.
Prince Ribbit and a wyvern come into view.
Prince Ribbit croaks.
The wyvern hisses angrily.
Prince Ribbit blinks!
Prince Ribbit moves out of view.
Found an escape hatch in the floor.
You barely miss the wyvern. You block the wyvern's attack.
The wyvern bites you!
You hit the wyvern but do no damage.
You tail-slap the wyvern, but do no damage.
The wyvern bites you but does no damage.
The wyvern bites you!
You hit the wyvern. You tail-slap the wyvern.
The wyvern is moderately wounded.
You block the wyvern's attack.
You closely miss the wyvern.
The wyvern is moderately wounded.
The wyvern bites you. The wyvern bites you! Prince Ribbit barely misses you.
Prince Ribbit attacks as he pursues you!
Prince Ribbit hits you!
* * * LOW HITPOINT WARNING * * *
The wyvern barely misses you. Prince Ribbit hits you.
* * * LOW HITPOINT WARNING * * *
Prince Ribbit hits you!
You die...

#..§#..........
...#..........
#..##.... ...
##..##..# ..#
#...##..##..##
#............#
#............#
#.....Fk.....#
##..##.@.....#
###'##.>.....#
#...##..##..##
#...###+.#..#
#.............
#.....≈.≈≈≈≈≈≈≈
##..#.≈.... ..≈
##..#.≈.♣♣♣♣♣
#...#.≈.♣....


You could see Prince Ribbit and a wyvern.

Vanquished Creatures
  4 yaks
  Pargi (D:4)
  A centaur (D:3)
  A bullfrog (D:6)
  3 scorpions
  A bombardier beetle (D:4)
  2 jellies
  A gnoll bouda (D:5)
  A hound (D:4)
  2 iguanas
  Robin (D:3)
  21 gnolls
  5 adders
  A ribbon worm (D:2)
  A dart slug (D:3)
  An orc (D:4)
  6 endoplasms
  4 giant cockroaches
  17 goblins
  7 hobgoblins
  3 jackals (D:1)
  15 kobolds
  3 quokkas
  10 ball pythons
  5 bats
  4 frilled lizards (D:2)
  4 rats
125 creatures vanquished.

Notes
Turn   | Place    | Note
-------+----------+-------------------------------------------
     0 | D:1      | Fv001 the Demonspawn Fighter began the quest for the Orb.
     0 | D:1      | Reached XP level 1. HP: 18/18 MP: 1/1
   188 | D:1      | Gained mutation: Spells you cast may paralyse adjacent
                  | enemies. [demonic ancestry]
   188 | D:1      | Reached XP level 2. HP: 24/24 MP: 2/2
   299 | D:1      | Reached skill level 2 in Maces & Flails
   425 | D:1      | Discovered your monstrous ancestry.
   425 | D:1      | Gained mutation: You have a small tail. [demonic ancestry]
   425 | D:1      | Reached XP level 3. HP: 29/29 MP: 3/3
   788 | D:2      | Identified the amulet "Kugrebur" {RegenMP Harm rF++ rC+
                  | MP+9 Int-4}
   809 | D:2      | Identified the -1 pair of boots "Saocotycs" {Dex+5}
  1279 | D:2      | Gained mutation: Your touch may inflict minor irresistible
                  | damage on your foes. [demonic ancestry]
  1279 | D:2      | Reached XP level 4. HP: 35/35 MP: 4/4
  1551 | D:3      | Reached skill level 3 in Maces & Flails
  1652 | D:3      | Noticed a centaur
  1661 | D:3      | Killed a centaur
  1662 | D:3      | Reached XP level 5. HP: 9/42 MP: 5/5
  2708 | D:4      | Noticed Robin
  2748 | D:3      | Killed Robin
  2835 | D:4      | Reached skill level 4 in Maces & Flails
  2855 | D:4      | Identified the +5 falchion "Oxec" {chaos, rElec rC+}
  2865 | D:4      | Reached XP level 6. HP: 21/48 MP: 6/6
  3247 | D:4      | Found an iron altar of Okawaru.
  3296 | D:4      | Noticed Pargi
  3308 | D:4      | Killed Pargi
  3360 | D:4      | Reached XP level 7. HP: 55/55 MP: 7/7
  3443 | D:4      | Reached skill level 5 in Maces & Flails
  3823 | D:5      | Entered Level 5 of the Dungeon
  4013 | D:5      | Noticed a yak
  4013 | D:5      | Noticed a yak
  4013 | D:5      | Noticed a yak
  4080 | D:4      | Killed a yak
  4104 | D:5      | Noticed a yak
  4114 | D:4      | Killed a yak
  4115 | D:4      | Reached skill level 5 in Fighting
  4115 | D:4      | Reached skill level 6 in Maces & Flails
  4115 | D:4      | Gained mutation: You have large cloven feet. [demonic
                  | ancestry]
  4115 | D:4      | Reached XP level 8. HP: 52/62 MP: 8/8
  4219 | D:5      | Reached skill level 5 in Armour
  4266 | D:5      | Found Saliepami's Distillery.
  4290 | D:5      | Found a sacrificial altar of Ru.
  4359 | D:5      | Bought a potion of heal wounds for 50 gold pieces
  4359 | D:5      | Bought a potion of curing for 30 gold pieces
  4359 | D:5      | Bought a potion of degeneration for 10 gold pieces
  4359 | D:5      | Bought a potion of lignification for 30 gold pieces
  4370 | D:5      | Found a shimmering blue altar of Sif Muna.
  4473 | D:5      | Identified the +5 leather armour "God Padgh" {*Slow rPois
                  | rN+ Dex+3}
  5054 | D:6      | Found an ancient bone altar of Kikubaaqudgha.
  5093 | D:6      | Noticed Prince Ribbit
  5102 | D:6      | Slain by Prince Ribbit

Illustrated notes

Levels and vault maps discovered:
D:1:      erik_arrival_blinker_ship, layout_basic, minmay_indecisive_spiral
D:2:      layout_loops_ring
D:3:      minmay_angry_zag, layout_basic
D:4:      layout_basic, chequers_temple_overflow_statue_of_worship,
          hangedman_abyss_or_decor_slice, uniq_robin, uniq_pargi
D:5:      layout_basic, mainiacjoe_overflow_catwalk_spiral, serial_shops, shop,
          nicolae_houndstooth_variations
D:6:      layout_gridville, mainiacjoe_overflow_brackets,
          minmay_temple_entry_proselytizer, uniq_prince_ribbit1, uniq_grinder

Skill      XL: |  1  2  3  4  5  6  7  8 |
---------------+-------------------------+-----
Shields        | 3 4 |  4.4
Armour         | 3 4 5 |  5.3
Maces & Flails | 2 3 4 6 |  6.9
Fighting       | 4 5 |  5.3
Dodging        | |  0.5

Action                     |  1- 3 |  4- 6 |  7- 9 || total
---------------------------+-------+-------+-------++-------
  Melee: Flail             |   121 |   142 |   110 ||   373
         Tailslap          |     3 |    17 |    18 ||    38
  Throw: Throwing net      |       |     1 |       ||     1
    Use: Scroll            |     2 |       |     1 ||     3
         Potion            |       |     5 |       ||     5
 Armour: Scale mail        |    48 |       |       ||    48
         Chain mail        |    29 |       |       ||    29
         Plate armour      |     8 |   153 |    79 ||   240
  Dodge: Dodged            |    37 |    42 |    26 ||   105
  Block: Buckler           |    28 |    61 |    26 ||   115
